 Dungeon Crawl Stone Soup version 0.31-a0-133-gaae73658be (webtiles) character file.

Game seed: 8060482021246742433

40812 jlumianski the Slicer (level 13, -2/100 HPs)
             Began as a Demonspawn Fighter on June 2, 2023.
             Was the Champion of Okawaru.
             Slain by a blizzard demon (4 damage)
             ... on level 2 of the Abyss.
             The game lasted 01:15:48 (14466 turns).

jlumianski the Slicer (Demonspawn Fighter)         Turns: 14466, Time: 01:15:49

Health: -2/100     AC: 29    Str: 19    XL:     13   Next: 76%
Magic:  15/17      EV: 10    Int: 16    God:    Okawaru [******]
Gold:   723        SH: 20    Dex: 18    Spells: 12/12 levels left

rFire   x . .        V - +3 quick blade (venom)
rCold   . . .        S - +2 kite shield "Jel Sei" {+Blink rF- Regen+ Int+5}
rNeg    . . .        R - +0 plate armour
rPois   .            (helmet restricted)
rElec   .            (no cloak)
rCorr   .            (no gloves)
SInv    .            (no boots)
Will    .....        (no amulet) Stlth
                     i - +4 ring of protection
HPRegen 1.16/turn    O - +6 ring of dexterity
MPRegen 0.15/turn

%: no passive effects
@: heroic, sanguine armoured, unable to drink
A: antennae 1, (demonic guardian 1), sanguine armour 2, demonic magic 1, large
bone plates 1, clumsy 1, inability to read after injury 1, no potion heal 1[+1],
[inability to drink after injury 2]
a: Renounce Religion, Evoke Blink, Heroism, Finesse, Duel


You were on level 2 of the Abyss.
You worshipped Okawaru.
Okawaru was exalted by your worship.
You visited 2 branches of the dungeon, and saw 16 of its levels.
You visited the Abyss 1 time.
You also visited: Sewer.

You collected 723 gold pieces.

Inventory:

Hand Weapons
 f - a +0 hand crossbow of draining
 p - the +6 dagger of Dim Light {spect, *Rage Fly Will+ Dex+3}
   (You found it on level 2 of the Dungeon)

   Dex:       It affects your dexterity (+3).
   Fly:       It grants you flight.
   *Rage:     It berserks you when you make melee attacks (+20% chance).
   Will:      It increases your willpower.
 v - the +2 mace "Fezxaiho" {venom, Fly rElec rPois rC+}
   (You found it on level 8 of the Dungeon)

   rC:        It protects you from cold.
   rElec:     It insulates you from electricity.
   rPois:     It protects you from poison.
   Fly:       It grants you flight.
 V - a +3 quick blade of venom (weapon)
Missiles
 h - 41 poisoned darts (quivered)
 L - a curare-tipped dart
 M - 2 throwing nets
Armour
 c - a +0 buckler
 o - a +0 cloak
 t - a +0 chain mail
 R - a +0 plate armour (worn)
 S - the +2 kite shield "Jel Sei" (worn) {+Blink rF- Regen+ Int+5}
   (Okawaru gifted it to you on level 10 of the Dungeon)

   Int:       It affects your intelligence (+5).
   rF:        It makes you vulnerable to fire.
   +Blink:    It lets you blink.
   Regen:     It increases your rate of health regeneration.
Magical Staves
 W - a staff of air
Jewellery
 i - a +4 ring of protection (left hand)
 u - a +6 ring of strength
 E - a ring of willpower
 F - a ring of fire
 O - a +6 ring of dexterity (right hand)
 Y - a +6 ring of dexterity
Wands
 a - a wand of flame (20)
 b - a wand of quicksilver (7)
 y - a wand of digging (14)
 G - a wand of mindburst (5)
 I - a wand of roots (13)
Scrolls
 k - 3 scrolls of immolation
 l - a scroll of brand weapon
 m - a scroll of butterflies {unknown}
 n - a scroll of silence {unknown}
 q - a scroll of noise {unknown}
 r - 5 scrolls of teleportation
 s - a scroll of fear {unknown}
 w - 2 scrolls of blinking {unknown}
 z - 3 scrolls of poison
 A - a scroll of fog
 K - a scroll of acquirement {unknown}
 P - 2 scrolls of amnesia
 Q - a scroll of enchant armour {unknown}
Potions
 d - 4 potions of might
 e - 4 potions of degeneration
 j - 2 potions of enlightenment {unknown}
 x - 2 potions of haste
 B - 2 potions of cancellation
 C - 2 potions of berserk rage {unknown}
 D - 2 potions of lignification {unknown}
 H - a potion of resistance
 J - a potion of invisibility
 N - a potion of attraction {unknown}
 T - a potion of mutation
 U - a potion of ambrosia {unknown}
 X - a potion of curing


   Skills:
 + Level 8.8(13.8) Fighting
 + Level 10.2(15.2) Short Blades
 - Level 3.0(8.0) Axes
 + Level 4.3(9.3) Throwing
 + Level 10.0(15.0) Armour
 + Level 4.2(9.2) Dodging
 + Level 5.2(10.2) Stealth
 + Level 10.1(15.1) Shields
 + Level 0.4(5.4) Unarmed Combat
 * Level 6.5 Invocations
 * Level 4.0 Evocations


You had 12 spell levels left.
You didn't know any spells.
Your spell library contained the following spells:

 Spells                   Type           Power      Damage    Failure   Level
 Magic Dart               Conj           0%         1d3       99%         1
 Ensorcelled Hibernation  Hex/Ice        0%         N/A       100%        2
 Passwall                 Tmut/Erth      0%         N/A       100%        2
 Poisonous Vapours        Pois/Air       0%         N/A       100%        2
 Sublimation of Blood     Necr           0%         N/A       100%        2
 Mephitic Cloud           Conj/Pois/Air  0%         N/A       100%        3
 Portal Projectile        Hex/Tloc       0%         N/A       100%        3
 Swiftness                Air            0%         N/A       100%        3
 Leda's Liquefaction      Hex/Erth       0%         N/A       100%        4
 Passage of Golubria      Tloc           0%         N/A       100%        4
 Petrify                  Tmut/Erth      0%         N/A       100%        4
 Freezing Cloud           Conj/Ice/Air   0%         6-21      100%        5
 Irradiate                Conj/Tmut      0%         3d11      100%        5
 Silence                  Hex/Air        0%         N/A       100%        5
 Lehudib's Crystal Spear  Conj/Erth      0%         10d2      100%        8
 Call Imp                 Summ           Unusable   N/A       N/A         2
 Call Canine Familiar     Summ           Unusable   N/A       N/A         3

Dungeon Overview and Level Annotations

Branches:
Dungeon (14/15)            Temple (0/1) D:6            Lair (2/5) D:8
    Orc (0/2) D:10          Sewer (visited)
  Swamp: Lair:2-3    Shoals: Lair:2-3     Snake: Lair:2-3    Spider: Lair:2-3
 Vaults: D:13-14

Altars:
Cheibriados
Dithmenos
Fedhas
Kikubaaqudgha
Okawaru
Sif Muna
Trog
Uskayaw
Wu Jian
Xom
Yredelemnul

Shops:
D:2 *(   D:3 !((=(   D:8 :=

Annotations:
D:5 1 runed translucent door


Innate Abilities, Weirdness & Mutations

You have a pair of small antennae on your head.
((A weak demonic guardian rushes to your aid.))
When seriously injured, your blood forms thick armour. (AC +9)
Spells you cast may paralyse adjacent enemies.
You are partially covered in large bone plates. (SH +4)
You are clumsy. (Dex -2)
You occasionally lose the ability to read scrolls when taking damage.
[Potions cannot restore your health.]
[You sometimes lose the ability to drink potions when taking damage.]


Message History

The blizzard demon is moderately wounded.
The raiju bites you but does no damage.
The blizzard demon is engulfed in freezing vapours.
You block the blizzard demon's attack. The blizzard demon barely misses you.
The wretched star is engulfed in freezing vapours.
You hit the blizzard demon.
The blizzard demon looks as sick as possible!
You puncture the blizzard demon!
The blizzard demon is heavily wounded.
The raiju bites you but does no damage.
A raiju comes into view.
The wretched star glows turbulently.
You block the lance of force.
The blizzard demon is engulfed in freezing vapours.
The blizzard demon hits you but does no damage.
You block the blizzard demon's attack.
You hit the blizzard demon.
You hit the blizzard demon but do no damage.
The blizzard demon is heavily wounded.
You block the raiju's attack.
The wretched star pulses with an eldritch light!
Your system completely rejects the healing effects of potions.
You gain the combat prowess of a mighty hero.
You can read scrolls again.
The blizzard demon hits you.
* * * LOW HITPOINT WARNING * * *
You block the blizzard demon's attack. The raiju bites you but does no damage.
A raiju comes into view.
The wretched star glows turbulently.
The lance of force hits you!
* * * LOW HITPOINT WARNING * * *
You are knocked back by the lance of force.
You slam into the stone wall!
You cannot drink potions in your current state!
Aiming: Duel (41% risk of failure)
Press: ? - help, Dir - move target, f - wretched star
Aim: a wretched star (lightly damaged)
You fail to use your ability.
You block the blizzard demon's attack. The blizzard demon hits you.
You die...

# # ### ##. .
. .. # ..# .#
# .. .#.# ..
##.. ## .# #
# # ## # # ..
# ##.##. .#
...####*#h.h#
. # #2@h...#
.. # .
#.##.#.#..#
.#. #
.#ยง.#...# #
. #.#.# ##.#
#. # #.# #
#.. # . #.#
## # .# .


You could see a wretched star, a blizzard demon (extremely poisoned) and 3
raiju.

Vanquished Creatures
  Kirke (D:14)
  Erolcha (D:10)
  Harold (D:9)
  A boulder beetle (D:11)
  A centaur warrior (D:12)
  The ghost of avis the Sneak, a journeyman OpTm of Gozag (D:9)
  A dancing weapon (D:9)
  2 two-headed ogres
  A sun demon (Abyss:2)
  A deep elf pyromancer (D:13)
  2 cyclopes
  An ugly thing (D:12)
  4 manticores
  A moth of wrath (D:13)
  Maggie (D:9)
  Psyche (D:12)
  2 gargoyles (D:12)
  2 unseen horrors
  A kobold demonologist (D:11)
  3 komodo dragons
  2 trolls
  A raiju (Abyss:2)
  4 slime creatures (D:12)
  A shadow (D:9)
  A water elemental (D:12)
  2 wyverns
  2 wraiths
  A vampire (D:12)
  9 yaks
  9 humans
  A neqoxec (Abyss:2)
  5 hogs (D:13)
  5 steam dragons
  Grum (D:9)
  3 vampire mosquitoes (D:12)
  A chaos spawn (Abyss:2)
  2 small abominations (Abyss:2)
  An acid dragon (D:10)
  2 water moccasins (Lair:1)
  3 orc warriors
  2 ice beasts
  4 ogres
  6 wolves
  8 centaurs
  3 phantoms
  4 kobold brigands
  7 bullfrogs
  A water moccasin zombie (D:7)
  2 wyvern zombies (D:7)
  A scorpion (D:5)
  9 wights
  15 killer bees
  5 electric eels
  2 howler monkeys (D:11)
  8 orc priests
  2 centaur zombies (D:7)
  An iron imp (Abyss:2)
  A jelly (D:6)
  2 gnoll boudas
  7 hounds
  Terence (D:3)
  7 iguanas
  5 sleepcaps (D:6)
  A human skeleton (D:5)
  15 orc wizards
  A killer bee zombie (D:7)
  2 howler monkey zombies (D:7)
  14 gnolls
  10 adders
  5 river rats (Sewer)
  3 shadow imps
  3 white imps
  An ufetubus (D:5)
  8 worms
  2 dart slugs
  44 orcs
  7 endoplasms
  6 giant cockroaches
  4 goblins
  8 hobgoblins
  7 jackals
  28 kobolds
  3 quokkas
  17 ball pythons
  7 bats
  3 frilled lizards
  A kobold zombie (D:5)
  16 rats
404 creatures vanquished.

Vanquished Creatures (others)
  A steam dragon (D:7)
  A sky beast (D:7)
  2 spectral weapons
4 creatures vanquished.

Grand Total: 408 creatures vanquished

Notes
Turn   | Place    | Note
-------+----------+-------------------------------------------
     0 | D:1      | jlumianski the Demonspawn Fighter began the quest for the
                  | Orb.
     0 | D:1      | Reached XP level 1. HP: 18/18 MP: 1/1
   143 | D:1      | Gained mutation: You have a pair of small antennae on your
                  | head. [demonic ancestry]
   143 | D:1      | Reached XP level 2. HP: 24/24 MP: 2/2
   413 | D:1      | Gained mutation: You are partially covered in large bone
                  | plates. (SH +4) [potion of mutation]
   413 | D:1      | Gained mutation: You are clumsy. (Dex -2) [potion of
                  | mutation]
   659 | D:2      | Gained mutation: When seriously injured, your blood forms
                  | armour. (AC +9) [demonic ancestry]
   659 | D:2      | Reached XP level 3. HP: 29/29 MP: 3/3
  1156 | D:2      | Found Toraob's Assorted Antiques.
  1248 | D:2      | Gained mutation: When seriously injured, your blood forms
                  | thick armour. (AC +9) [demonic ancestry]
  1248 | D:2      | Reached XP level 4. HP: 26/35 MP: 4/4
  1327 | D:2      | Identified the +6 dagger of Dim Light {spect, *Rage Fly
                  | Will+ Dex+3}
  1536 | D:3      | Found Aro Xijo's Antique Weapon Boutique.
  1693 | D:3      | Found Hohotyudia's Distillery.
  1869 | D:3      | Found Robrudar's Weapon Shop.
  1869 | D:3      | Found a glowing drain.
  1915 | Sewer    | Entered a sewer
  1990 | Sewer    | Reached XP level 5. HP: 41/41 MP: 5/5
  2218 | Sewer    | Reached skill level 1 in Short Blades
  2274 | Sewer    | Reached skill level 1 in Dodging
  2274 | Sewer    | Reached XP level 6. HP: 48/48 MP: 6/6
  2581 | D:2      | Found Suthoico's Antique Weapon Shop.
  2679 | D:3      | Found a snail-covered altar of Cheibriados.
  2819 | D:3      | Found Socy's Jewellery Boutique.
  2843 | D:3      | Found Qiujox's Antique Weapon Shoppe.
  2866 | D:3      | Noticed Terence
  2867 | D:3      | Found an ornate altar of the Wu Jian Council.
  2877 | D:3      | Killed Terence
  3784 | D:4      | Reached XP level 7. HP: 53/53 MP: 7/7
  3960 | D:5      | Entered Level 5 of the Dungeon
  4242 | D:4      | Found an iron altar of Okawaru.
  4242 | D:4      | Found a bloodstained altar of Trog.
  4254 | D:4      | Became a worshipper of Warmaster Okawaru
  4346 | D:4      | Reached skill level 1 in Throwing
  4410 | D:5      | Found a runed translucent door.
  4410 | D:5      | Noticed a human
  4415 | D:5      | Found a basalt altar of Yredelemnul.
  4555 | D:5      | Reached * piety under Okawaru
  4697 | D:5      | Gained mutation: Spells you cast may paralyse adjacent
                  | enemies. [demonic ancestry]
  4697 | D:5      | Reached XP level 8. HP: 60/60 MP: 8/8
  4893 | D:6      | Reached skill level 5 in Armour
  5078 | D:5      | Found a shimmering blue altar of Sif Muna.
  5129 | D:5      | Reached skill level 1 in Stealth
  5798 | D:7      | Reached skill level 5 in Short Blades
  5855 | D:7      | Found a hide-covered altar of Uskayaw.
  5868 | D:7      | Reached ** piety under Okawaru
  6164 | D:6      | Reached skill level 5 in Shields
  6178 | D:6      | Reached skill level 5 in Fighting
  6300 | D:6      | Reached XP level 9. HP: 67/68 MP: 9/9
  6569 | D:8      | Noticed a troll
  6577 | D:8      | Killed a troll
  6595 | D:8      | Reached *** piety under Okawaru
  6611 | D:8      | Found a staircase to the Lair.
  6623 | Lair:1   | Entered Level 1 of the Lair of Beasts
  6623 | Lair:1   | Noticed a komodo dragon
  6636 | Lair:1   | Killed a komodo dragon
  6929 | D:8      | Found Ukkuic's Jewellery Boutique.
  6945 | D:8      | Gained mutation: A weak demonic guardian rushes to your
                  | aid. [demonic ancestry]
  6945 | D:8      | Reached XP level 10. HP: 76/76 MP: 10/10
  7069 | Lair:1   | Reached **** piety under Okawaru
  7825 | D:7      | Noticed a manticore
  7825 | D:7      | Noticed a gargoyle
  7833 | D:7      | Killed a manticore
  7834 | D:7      | Reached skill level 1 in Invocations
  8442 | D:6      | Found a staircase to the Ecumenical Temple.
  8752 | D:8      | Identified the +2 mace "Fezxaiho" {venom, Fly rElec rPois
                  | rC+}
  9205 | D:8      | Found Bogiagg's Book Shoppe.
  9322 | D:9      | Noticed Maggie
  9332 | D:9      | Killed Maggie
  9341 | D:9      | Found a blossoming altar of Fedhas.
  9347 | D:9      | Found an ancient bone altar of Kikubaaqudgha.
  9352 | D:9      | Found a shimmering altar of Xom.
  9404 | D:10     | Entered Level 10 of the Dungeon
  9559 | D:9      | Noticed a two-headed ogre
  9570 | D:9      | Killed a two-headed ogre
  9771 | D:9      | Noticed Grum
  9800 | D:9      | Killed Grum
  9805 | D:9      | Reached ***** piety under Okawaru
  9810 | D:9      | Reached XP level 11. HP: 38/84 MP: 12/12
  9992 | D:9      | Noticed Harold
 10010 | D:9      | Killed Harold
 10233 | D:9      | Found a runed translucent door.
 10233 | D:9      | Found a shimmering altar of Xom.
 10233 | D:9      | Noticed avis's ghost (journeyman OpTm)
 10233 | D:9      | Noticed a +0 flail of chaos
 10249 | D:9      | Killed a +0 flail of chaos
 10261 | D:9      | Killed avis's ghost
 10534 | D:9      | Found a shadowy altar of Dithmenos.
 10888 | D:10     | Found a staircase to the Orcish Mines.
 11067 | D:10     | Noticed Erolcha
 11096 | D:10     | Killed Erolcha
 11285 | D:10     | Identified the +2 kite shield "Jel Sei" {+Blink rF- Regen+
                  | Int+5} (Okawaru gifted it to you on level 10 of the
                  | Dungeon)
 11285 | D:10     | Received a gift from Okawaru
 11980 | D:11     | Found a hide-covered altar of Uskayaw.
 12009 | D:12     | Noticed Psyche
 12018 | D:12     | Killed Psyche
 12425 | D:12     | Noticed a boulder beetle
 12459 | D:11     | Killed a boulder beetle
 12547 | D:12     | Reached XP level 12. HP: 92/92 MP: 13/13
 12895 | D:12     | Reached skill level 10 in Short Blades
 12914 | D:12     | Noticed a two-headed ogre
 12950 | D:12     | Killed a two-headed ogre
 13297 | D:12     | Reached ****** piety under Okawaru
 13443 | D:12     | Noticed a centaur warrior
 13459 | D:12     | Killed a centaur warrior
 13460 | D:12     | Reached skill level 1 in Evocations
 13580 | D:12     | Reached skill level 5 in Stealth
 13580 | D:12     | Reached skill level 5 in Invocations
 13580 | D:12     | Reached XP level 13. HP: 99/99 MP: 14/17
 13600 | D:12     | Received a gift from Okawaru
 13938 | D:13     | Found a bloodstained altar of Trog.
 14131 | D:14     | Noticed Kirke
 14194 | D:14     | Killed Kirke
 14195 | D:14     | Reached skill level 10 in Shields
 14310 | Abyss:2  | Cast into level 2 of the Abyss (a wizard)
 14317 | Abyss:2  | Gained mutation: [Potions are less effective at restoring
                  | your health.] [a neqoxec]
 14328 | Abyss:2  | Gained mutation: You occasionally lose the ability to read
                  | scrolls when taking damage. [a neqoxec]
 14398 | Abyss:2  | Reached skill level 10 in Armour
 14416 | Abyss:2  | HP: 3/100 [sun demon[a balrug] (25)]
 14450 | Abyss:2  | Noticed a blizzard demon
 14465 | Abyss:2  | HP: 1/100 [wretched star/lance of force (12)]
 14466 | Abyss:2  | Slain by a blizzard demon

Illustrated notes

Levels and vault maps discovered:
D:1:      dpeg_arrival_houses_and_road, layout_loops_ring,
          minmay_indecisive_spiral
D:2:      layout_loops_corners, serial_shops, shop,
          nicolae_shop_real_fake_doors, minmay_stone_trees_small,
          minmay_small_reverse_x
D:3:      layout_basic, slow_altar_1, nzn_wu_jian_contemplation, serial_shops,
          shop, shop, nicolae_diamond_shop, nicolae_lakefront_shop,
          nicolae_shop_rolling_square, portal_sewer_entry_a, uniq_terence
D:4:      layout_loops_ring, grunt_temple_overflow_bloody_war, elyvilon_altar_5
D:5:      layout_loops_corners, mainiacjoe_overflow_tiny_flanked,
          dk_yredelemnul_ordeal
D:6:      layout_basic, temple_hall, minmay_misc_feat_tower
D:7:      layout_loops_ring, mainiacjoe_overflow_catwalk, serial_undead,
          serial_undead_d, serial_undead_c, serial_undead_b, serial_undead_d,
          grunt_potential
D:8:      layout_cave_pods, erik_lair_island, enter_bailey_2, serial_shops,
          shop, nicolae_shop_stone
D:9:      layout_roguey, grunt_dithmenos_shadows,
          nicolae_overflow_hidden_temple, ebering_ghost_xom, uniq_maggie,
          uniq_harold, uniq_grum
D:10:     layout_loops_ring, hiddenorc2_lemuel, uniq_erolcha
D:11:     layout_basic, nicolae_uskayaw_murder_on_the_dancefloor, uniq_urug
D:12:     nicolae_moon_pools, layout_basic, grunt_ministairs_1, uniq_psyche
D:13:     layout_loops_corners, grunt_vaults_entry_tiered,
          chequers_serial_rivers_micro_b, tgw_trog
D:14:     layout_roguey, enter_trove_0, kennysheep_nub, grunt_decor_resistance,
          uniq_kirke, uniq_snorg
Lair:1:   layout_regular_city, gauntlet_entry_generic, beast_lair_carwin_11
Lair:2:   layout_roguey
Abyss:2:  base: D:5, hangedman_cross_veins, evilmike_abyss_exit_1

Skill      XL: |  1  2  3  4  5  6  7  8  9 10 11 12 13 |
---------------+----------------------------------------+-----
Shields        | 3 4 5 6 8 9 10 | 10.1
Armour         | 3 4 5 6 7 9 10 | 10.0
Axes           | 2 3 |  3.0
Short Blades   | 1 3 4 5 7 8 9 10 | 10.2
Dodging        | 1 2 3 4 |  4.2
Fighting       | 4 5 7 8 |  8.8
Throwing       | 1 2 3 4 |  4.3
Stealth        | 1 2 3 4 5 |  5.2
Invocations    | 1 2 5 6 |  6.5
Evocations     | 3 4 |  4.0
Unarmed Combat | |  0.4

Action                     |  1- 3 |  4- 6 |  7- 9 | 10-12 | 13-15 || total
---------------------------+-------+-------+-------+-------+-------++-------
  Melee: War axe           |   125 |    18 |       |       |       ||   143
         Dagger            |       |   172 |   288 |   677 |    12 ||  1149
         Quick blade       |       |       |       |       |   417 ||   417
         Unarmed           |       |       |       |       |     1 ||     1
  Throw: Dart              |     2 |     3 |    20 |    24 |       ||    49
 Invoke: Heroism           |       |       |     3 |     9 |     2 ||    14
  Evoke: Wand              |       |       |       |     1 |     1 ||     2
    Use: Scroll            |     3 |     4 |     7 |     8 |     2 ||    24
         Potion            |     2 |       |     4 |     1 |     2 ||     9
   Stab: Distracted        |       |       |     5 |    12 |       ||    17
 Armour: Scale mail        |    63 |    19 |       |       |       ||    82
         Chain mail        |       |    34 |   136 |    69 |       ||   239
         Plate armour      |       |       |       |   134 |    52 ||   186
  Dodge: Dodged            |    65 |    57 |    96 |   128 |    39 ||   385
  Block: Buckler           |    34 |    67 |   114 |   119 |       ||   334
         Kite shield       |       |       |       |   206 |   174 ||   380

Table legend: (Time is in decaauts)
 A = Elapsed time spent in this place.
 B = Non-inter-level travel time spent in this place.
 C = Inter-level travel time spent in this place.
 D = Time resting spent in this place.
 E = Time spent auto-exploring this place.
 F = Levels seen in this place.
 G = Mean time per level.
                   A        B        C        D        E       F      G
               +--------+--------+--------+--------+--------+-----+--------+
         Total |  15058 |  14758 |    300 |    770 |   7733 |  18 |  836.6 |
       Dungeon |  13903 |  13603 |    300 |    605 |   7447 |  14 |  993.1 |
          Lair |    330 |    330 |      0 |    145 |      1 |   2 |  165.0 |
         Abyss |    133 |    133 |      0 |     19 |      0 |   1 |  133.0 |
         Sewer |    690 |    690 |      0 |      0 |    285 |   1 |  690.0 |
               +--------+--------+--------+--------+--------+-----+--------+

Top non-repeatable levels by time:
     D:9: 1533 daAuts
    D:12: 1363 daAuts
     D:8: 1239 daAuts
     D:7: 1186 daAuts
     D:5: 1171 daAuts
     D:2: 1150 daAuts
     D:6: 1055 daAuts
     D:3: 1021 daAuts
     D:1: 1020 daAuts
    D:10: 944 daAuts
    D:11: 943 daAuts
     D:4: 874 daAuts
   Sewer: 690 daAuts
    D:13: 357 daAuts
  Lair:1: 329 daAuts
